 Dungeon Crawl Stone Soup version 0.28.0-53-g5a82cb258f (webtiles) character file.

Game seed: 797723073104636698

4 Jerry the Skirmisher (level 1, -2/16 HPs)
             Began as an Octopode Fighter on July 25, 2022.
             Slain by a kobold
             ... wielding a +0 dagger
              (4 damage)
             ... on level 1 of the Dungeon.
             The game lasted 00:00:14 (70 turns).

Jerry the Skirmisher (Octopode Fighter)               Turns: 70, Time: 00:00:15

Health: -2/16      AC:  1    Str: 15    XL:     1   Next: 70%
Magic:  1/1        EV: 13    Int: 10    God:
Gold:   0          SH:  4    Dex: 11    Spells: 0/0 levels left

rFire   . . .      SeeInvis .   a - +0 long sword
rCold   . . .      Faith    .   b - +0 buckler
rNeg    . . .      Spirit   .   (helmet restricted)
rPois   .          Reflect  .   (no amulet)
rElec   .          Harm     .   (no ring)
rCorr   .          Rampage  .   (no ring)
Will    .....                   (no ring)
Stlth   ++........              (no ring)
HPRegen 0.05/turn               (no ring)
MPRegen 0.07/turn               (no ring)
                                (no ring)
                                (no ring)

@: no status effects
A: almost no armour, amphibious, 8 rings, camouflage 1, gelatinous body 1,
(nimble swimmer 1), tentacles
a: no special abilities


You were on level 1 of the Dungeon.
You visited 1 branch of the dungeon, and saw 1 of its levels.

Inventory:

Hand Weapons
 a - a +0 long sword (weapon)
Armour
 b - a +0 buckler (worn)
Potions
 c - a potion of might


   Skills:
 + Level 3.1 Fighting
 + Level 2.1 Long Blades
 + Level 3.0 Dodging
 + Level 3.0 Shields


You couldn't memorise any spells.
You didn't know any spells.
Your spell library was empty.

Dungeon Overview and Level Annotations

Branches:
Dungeon (1/15)

Altars:


Innate Abilities, Weirdness & Mutations

You cannot wear most types of armour.
You are amphibious.
You can wear up to eight rings at the same time.
Your skin changes colour to match your surroundings (Stealth+).
Your rubbery body absorbs attacks. (AC +1, EV +1)
((You are camouflaged when in or above water. (Stealth+)))
You have tentacles for arms and can constrict up to eight enemies at once.


Message History

The kobold shouts!
A ball python comes into view.
The endoplasm quivers.
A hobgoblin comes into view.
You hit the rat. Your grab misses the rat. Your squeeze misses the rat.
The rat is moderately wounded.
The rat closely misses you.
You closely miss the rat. You grab the rat. You squeeze the rat.
You kill the rat!
You block the rat's attack. The kobold closely misses you. The rat misses you.
You hit the endoplasm.
The endoplasm is almost dead.
The kobold hits you with a +0 dagger. You block the endoplasm's attack.
The rat closely misses you. The endoplasm hits you.
The kobold hits you with a +0 dagger.
You are too injured to fight recklessly!
You are too injured to fight recklessly!
The rat closely misses you.
The endoplasm jiggles.
You barely miss the endoplasm.
You squeeze the endoplasm, but do no damage.
The endoplasm is severely wounded.
The endoplasm freezes you.
You are frozen.
You hit the endoplasm.
You kill the endoplasm!
You barely miss the endoplasm. You block the endoplasm's attack.
The endoplasm hits you.
* * * LOW HITPOINT WARNING * * *
You slash the endoplasm!
You kill the endoplasm!
You slash the hobgoblin!
You kill the hobgoblin!
You barely miss the rat. Your grab misses the rat. The rat bites you.
* * * LOW HITPOINT WARNING * * *
The rat closely misses you.
You hit the rat.
You kill the rat!
The kobold hits you with a +0 dagger.
You die...

................
..............
##(#........#
#........#.##.# #
#. #........... ..
#. #......###.#
...##.##......#
.........###S####
.............K@.#
.........###.##.#
.....###.# #.# .#
.... #.# #.. .. ...
#.# ### .## # #.#
.#
##########.######.#
..................#
.#################


You could see a ball python and a kobold.

Vanquished Creatures
  2 endoplasms (D:1)
  A hobgoblin (D:1)
  2 rats (D:1)
5 creatures vanquished.

Notes
Turn   | Place    | Note
-------+----------+-------------------------------------------
     0 | D:1      | Jerry the Octopode Fighter began the quest for the Orb.
     0 | D:1      | Reached XP level 1. HP: 16/16 MP: 1/1
    70 | D:1      | Slain by a kobold

Illustrated notes

Levels and vault maps discovered:
D:1:      onia_arrival_mini_spirals, layout_basic,
          hellmonk_ecumenical_altar_run_dry, minivault_5

Action                   || total
-------------------------++-------
Melee: Long sword        ||    10
       Tentacles         ||     2
       Constrict         ||     1
Dodge: Dodged            ||     6
Block: Buckler           ||     3
